 Dungeon Crawl Stone Soup version 0.27-a0-1186-g8b4daa1eef (webtiles) character file.

Game seed: 4965053466914158526

24201 Strat the Thaumaturge (level 13, -2/98 HPs)
             Began as a Gnoll Venom Mage on May 17, 2021.
             Was a Believer of Uskayaw.
             Slain by a two-headed ogre
             ... wielding a +0 giant club of flaming
              (3 damage)
             ... while paralysed by an ogre mage
             ... in a volcano on May 19, 2021.
             The game lasted 00:47:13 (17968 turns).

Strat the Thaumaturge (Gnoll Venom Mage)           Turns: 17968, Time: 00:47:14

Health: -2/98      AC: 12    Str: 12    XL:     13   Next: 11%
Magic:  21/26      EV:  2    Int: 15    God:    Uskayaw [**....]
Gold:   939        SH:  0    Dex: 13    Spells: 18/31 levels left

rFire    . . .     SeeInvis .   a - +6 spear (venom)
rCold    . . .     Faith    .   u - +0 buckler
rNeg     . . .     Spirit   .   r - +0 troll leather armour
rPois    .         Reflect  .   j - +0 helmet
rElec    .         Harm     .   i - +0 cloak
rCorr    .         Rampage  .   g - +2 pair of gloves
Will     .....                  n - +0 pair of boots
Stlth    ++++......             (no amulet)
HPRegen  1.26/turn              I - +4 ring of slaying
MPRegen  0.20/turn              B - +4 ring of slaying

@: paralysed
A: fangs 1, strong nose, distributed training
a: Renounce Religion, Stomp, Line Pass


You were in a volcano.
You worshipped Uskayaw.
Uskayaw was aware of your devotion.
You visited 3 branches of the dungeon, and saw 16 of its levels.
You also visited: Bailey and Volcano.

You collected 939 gold pieces.

Inventory:

Hand Weapons
 a - a +6 spear of venom (weapon)
 b - a +3 dagger of draining
 J - a +4 morningstar
Missiles
 k - 468 stones
 t - 3 atropa-tipped darts
Armour
 g - a +2 pair of gloves (worn)
 i - a +0 cloak (worn)
 j - a +0 helmet (worn)
 n - a +0 pair of boots (worn)
 r - a +0 troll leather armour (worn)
 u - a +0 buckler (worn)
Jewellery
 p - a +6 ring of dexterity
 y - a ring of positive energy
 B - a +4 ring of slaying (right hand)
 I - a +4 ring of slaying (left hand)
Wands
 d - a wand of mindburst (16)
 x - a wand of paralysis (7)
 z - a wand of polymorph (8)
 C - a wand of iceblast (24)
 H - a wand of digging (6)
 L - a wand of flame (13)
Scrolls
 o - 6 scrolls of amnesia
 s - 2 scrolls of fog
 w - 3 scrolls of teleportation
 A - a scroll of brand weapon
 D - 3 scrolls of magic mapping
 E - a scroll of enchant weapon
 M - 2 scrolls of identify
 N - 2 scrolls of blinking
Potions
 c - 3 potions of flight
 e - 2 potions of magic
 f - a potion of resistance
 h - a potion of berserk rage
 l - 4 potions of brilliance
 m - 2 potions of ambrosia
 q - a potion of lignification
 v - 2 potions of curing
 F - a potion of heal wounds
 G - a potion of haste
 K - a potion of mutation


   Skills:
 + Level 8.1 Fighting
 + Level 8.1 Short Blades
 + Level 8.1 Long Blades
 + Level 8.1 Axes
 + Level 8.1 Maces & Flails
 + Level 8.1 Polearms
 + Level 8.1 Staves
 + Level 8.1 Slings
 + Level 8.1 Bows
 + Level 8.1 Crossbows
 + Level 8.1 Throwing
 + Level 8.1 Armour
 + Level 9.3 Dodging
 + Level 9.2 Stealth
 + Level 8.1 Shields
 + Level 8.1 Unarmed Combat
 + Level 9.6 Spellcasting
 + Level 6.7 Conjurations
 + Level 6.7 Hexes
 + Level 6.7 Summonings
 + Level 6.7 Necromancy
 + Level 6.7 Translocations
 + Level 7.1 Transmutations
 + Level 6.7 Fire Magic
 + Level 6.7 Ice Magic
 + Level 6.7 Air Magic
 + Level 6.7 Earth Magic
 + Level 8.8 Poison Magic
 + Level 8.9 Invocations
 + Level 8.1 Evocations


You had 18 spell levels left.
You knew the following spells:

 Your Spells              Type           Power      Damage    Failure   Level
a - Sting                 Tmut/Pois      100%       1d8       1%          1
b - Poisonous Vapours     Pois/Air       60%        N/A       1%          2
c - Mephitic Cloud        Conj/Pois/Air  29%        N/A       1%          3
d - Ignite Poison         Fire/Tmut/Pois 29%        N/A       1%          3
e - Olgreb's Toxic Radia  Pois           33%        N/A       3%          4

Your spell library contained the following spells:

 Spells                   Type           Power      Damage    Failure   Level
 Magic Dart               Conj           100%       1d8       1%          1
 Searing Ray              Conj           54%        3d5       1%          2
 Dazzling Flash           Conj/Hex       54%        N/A       2%          3
 Fulminant Prism          Conj/Hex       13%        3d9       8%          4
 Iskenderun's Mystic Bla  Conj/Tloc      27%        2d7       8%          4


Dungeon Overview and Level Annotations

Branches:
Dungeon (11/15)            Temple (0/1) D:5            Lair (3/6) D:11
 Shoals (0/4) Lair:3        Snake (0/4) Lair:3          Orc (2/2) D:10
    Elf (0/3) Orc:2        Bailey (visited)         Volcano (1/1)

Altars:
Qazlal
Ru
Uskayaw
Vehumet
Beogh

Shops:
D:1 [   D:3 [   D:6 :   D:9 :   Orc:1 *   Orc:2 [

Portals:
Abyss: D:7

Annotations:
D:4 Menkaure
D:7 2 transporters, donath's ghost, novice OpTm


Innate Abilities, Weirdness & Mutations

You have very sharp teeth.
Your uncanny sense of smell can sniff out nearby items.
Your experience applies equally to all skills.


Message History

The two-headed ogre is almost dead.
The two-headed ogre hits you but does no damage.
The two-headed ogre completely misses you.
You puncture the two-headed ogre!
You kill the two-headed ogre!
The two-headed ogre seems less confused.
Something hits you but does no damage.
You can now pass through a line of other dancers.
You puncture the two-headed ogre!
The two-headed ogre is moderately wounded.
A molten gargoyle comes into view. It is wielding a +0 morningstar.
The two-headed ogre hits you with a +0 giant club of flaming.
The two-headed ogre burns you. You block the two-headed ogre's attack.
You puncture the two-headed ogre!
The two-headed ogre is heavily wounded.
You hear some strange, mumbled words.
You suddenly lose the ability to move!
The air gets thick with the scent of sulphur.
The two-headed ogre hits you with a +0 giant club of flaming!!
The two-headed ogre burns you!
The two-headed ogre hits you with a +0 great mace of flaming!
* * * LOW HITPOINT WARNING * * *
The two-headed ogre burns you.
* * * LOW HITPOINT WARNING * * *
Something hits you!
* * * LOW HITPOINT WARNING * * *
Something burns you.
* * * LOW HITPOINT WARNING * * *
Something hits you.
* * * LOW HITPOINT WARNING * * *
Something burns you.
* * * LOW HITPOINT WARNING * * *
The two-headed ogre hits you with a +0 giant club of flaming!!
* * * LOW HITPOINT WARNING * * *
The two-headed ogre burns you.
* * * LOW HITPOINT WARNING * * *
The two-headed ogre hits you with a +0 great mace of flaming!
* * * LOW HITPOINT WARNING * * *
The two-headed ogre burns you.
You die...

##.....§.......##
##.......##8.8#
##......###.##
##....## #.#
###### ##)##
##...## #.....#
∆∆∆ #..∩..# ∆∆∆
∆∆∆ #.O@..# ∆∆∆
∆∆∆ ###9### ∆∆∆
... ..°.. ##8_8##
#...# #####


You could see a two-headed ogre (very poisoned) and a molten gargoyle.

Vanquished Creatures
  A hydra (Lair:3)
  4 two-headed ogres
  An orc knight (Orc:1)
  A cyclops (D:9)
  A manticore (D:11)
  3 black mambas
  A centaur zombie (D:10)
  5 cane toads
  3 komodo dragons
  Grinder (D:6)
  3 trolls
  A slime creature (Lair:2)
  8 blink frogs
  Sigmund (D:4)
  A wraith (D:10)
  3 fire bats (Volcano)
  19 yaks
  3 basilisks
  A steam dragon (D:7)
  3 vampire mosquitoes (D:11)
  3 wargs
  2 acid dragons
  5 water moccasins
  Duvessa (D:6)
  3 black bears
  5 ogres
  11 orc warriors
  A sky beast (D:8)
  A hornet zombie (D:7)
  An ice beast (D:7)
  2 centaurs
  A phantom (D:6)
  2 kobold brigands
  10 bullfrogs
  3 gnoll sergeants (D:10)
  2 scorpions (D:6)
  Dowan (D:6)
  A water moccasin zombie (D:5)
  A water moccasin skeleton (D:4)
  15 wights
  6 lava snakes (Volcano)
  7 orc priests
  Crazy Yiuf (D:4)
  4 hounds (D:6)
  8 jellies
  A gnoll shaman (D:8)
  3 iguanas
  13 orc wizards
  Robin (D:3)
  30 gnolls
  3 howler monkey zombies
  6 adders
  A white imp (D:7)
  An ufetubus (D:4)
  3 worms
  3 dart slugs
  43 orcs
  6 ball pythons
  21 endoplasms
  4 giant cockroaches
  13 goblins
  5 hobgoblins
  2 jackals (D:4)
  A quokka (D:1)
  4 bats
  3 frilled lizards
  15 kobolds
  3 rats
346 creatures vanquished.

Vanquished Creatures (others)
  A lava snake (Volcano)
  14 fungi
  16 plants
31 creatures vanquished.

Grand Total: 377 creatures vanquished

Notes
Turn   | Place    | Note
-------+----------+-------------------------------------------
     0 | D:1      | Strat the Gnoll Venom Mage began the quest for the Orb.
     0 | D:1      | Reached XP level 1. HP: 13/13 MP: 6/6
     3 | D:1      | Upgraded the game from 0.27-a0-1181-g5f64966fcc to
                  | 0.27-a0-1184-ge86db4a01e
   334 | D:1      | Reached XP level 2. HP: 19/19 MP: 5/7
   591 | D:1      | Found Qogruir's Armour Boutique.
   672 | D:1      | Learned a level 2 spell: Poisonous Vapours
   751 | D:1      | Found a faded altar of an unknown god.
   838 | D:1      | Reached XP level 3. HP: 25/25 MP: 9/9
  1011 | D:2      | Reached skill level 5 in Spellcasting
  1150 | D:2      | Reached skill level 1 in Invocations
  1290 | D:2      | Reached skill level 1 in Fighting
  1290 | D:2      | Reached skill level 1 in Short Blades
  1290 | D:2      | Reached skill level 1 in Long Blades
  1290 | D:2      | Reached skill level 1 in Axes
  1290 | D:2      | Reached skill level 1 in Maces & Flails
  1290 | D:2      | Reached skill level 1 in Polearms
  1290 | D:2      | Reached skill level 1 in Staves
  1290 | D:2      | Reached skill level 1 in Slings
  1290 | D:2      | Reached skill level 1 in Bows
  1290 | D:2      | Reached skill level 1 in Crossbows
  1290 | D:2      | Reached skill level 1 in Throwing
  1290 | D:2      | Reached skill level 1 in Armour
  1290 | D:2      | Reached skill level 1 in Shields
  1290 | D:2      | Reached skill level 1 in Unarmed Combat
  1290 | D:2      | Reached skill level 1 in Evocations
  1290 | D:2      | Reached XP level 4. HP: 32/32 MP: 3/11
  1818 | D:2      | Reached skill level 1 in Conjurations
  1818 | D:2      | Reached skill level 1 in Hexes
  1818 | D:2      | Reached skill level 1 in Summonings
  1818 | D:2      | Reached skill level 1 in Necromancy
  1818 | D:2      | Reached skill level 1 in Translocations
  1818 | D:2      | Reached skill level 1 in Fire Magic
  1818 | D:2      | Reached skill level 1 in Ice Magic
  1818 | D:2      | Reached skill level 1 in Air Magic
  1818 | D:2      | Reached skill level 1 in Earth Magic
  2736 | D:3      | Found a hide-covered altar of Uskayaw.
  2816 | D:3      | Found Paddu's Antique Armour Emporium.
  2839 | D:3      | Reached XP level 5. HP: 37/37 MP: 7/12
  2849 | D:3      | Learned a level 3 spell: Mephitic Cloud
  2853 | D:3      | Learned a level 3 spell: Ignite Poison
  3250 | D:3      | Noticed Robin
  3416 | D:3      | Killed Robin
  3900 | D:3      | Became a worshipper of Uskayaw the Reveller
  3962 | D:4      | Reached * piety under Uskayaw
  4095 | D:4      | Reached XP level 6. HP: 44/44 MP: 7/13
  4393 | D:4      | Noticed Sigmund
  4414 | D:4      | Noticed Menkaure
  4487 | D:4      | Reached ** piety under Uskayaw
  4492 | D:4      | Reached *** piety under Uskayaw
  4493 | D:4      | Killed Sigmund
  4494 | D:4      | Reached skill level 5 in Dodging
  4611 | D:4      | Reached XP level 7. HP: 48/50 MP: 15/15
  4705 | D:4      | Found a radiant altar of Vehumet.
  4903 | D:4      | Found a runed translucent door.
  4904 | D:4      | Noticed Crazy Yiuf
  4911 | D:4      | Killed Crazy Yiuf
  4989 | D:5      | Entered Level 5 of the Dungeon
  5432 | D:5      | Found a staircase to the Ecumenical Temple.
  5564 | D:5      | Found a stormy altar of Qazlal.
  6126 | D:6      | Reached skill level 5 in Stealth
  6237 | D:6      | Reached XP level 8. HP: 57/57 MP: 11/16
  6523 | D:6      | Noticed a six-headed hydra
  6871 | D:6      | Noticed Grinder
  7648 | D:6      | Found Emnovual's Book Emporium.
  7723 | D:6      | Noticed Dowan
  7724 | D:6      | Noticed Duvessa
  7750 | D:6      | Killed Duvessa
  7751 | D:6      | Reached XP level 9. HP: 65/65 MP: 8/18
  7751 | D:6      | Paralysed by Grinder for 5 turns
  7770 | D:6      | Paralysed by Grinder for 3 turns
  7783 | D:6      | Killed Grinder
  7787 | D:6      | Killed Dowan
  8537 | D:7      | Noticed donath's ghost (novice OpTm)
  8539 | D:7      | Noticed a wizard
  8546 | D:7      | Noticed an ancient zyme
  8597 | D:7      | Found a transporter.
  8597 | D:7      | Noticed a sun demon
  8607 | D:7      | Found a transporter.
  8901 | D:7      | Found a one-way gate to the infinite horrors of the Abyss.
  9601 | D:8      | Learned a level 4 spell: Olgreb's Toxic Radiance
  9616 | D:8      | Reached skill level 5 in Invocations
  9755 | D:8      | Reached skill level 5 in Conjurations
  9755 | D:8      | Reached skill level 5 in Hexes
  9755 | D:8      | Reached skill level 5 in Summonings
  9755 | D:8      | Reached skill level 5 in Necromancy
  9755 | D:8      | Reached skill level 5 in Translocations
  9755 | D:8      | Reached skill level 5 in Transmutations
  9755 | D:8      | Reached skill level 5 in Fire Magic
  9755 | D:8      | Reached skill level 5 in Ice Magic
  9755 | D:8      | Reached skill level 5 in Air Magic
  9755 | D:8      | Reached skill level 5 in Earth Magic
  9755 | D:8      | Reached XP level 10. HP: 75/75 MP: 19/21
  9793 | D:8      | Noticed a kobold demonologist
  9793 | D:8      | Noticed a boulder beetle
 11550 | D:9      | Reached XP level 11. HP: 51/78 MP: 18/23
 11627 | D:9      | Identified the +0 tower shield of the Enchanted Forest
                  | {rPois rCorr Str-3}
 11651 | D:9      | Noticed a cyclops
 11653 | D:9      | Found Yckagan's Book Shop.
 11920 | D:9      | Killed a cyclops
 12448 | D:10     | Entered Level 10 of the Dungeon
 12566 | D:10     | Found a staircase to the Orcish Mines.
 12579 | D:10     | Found a sacrificial altar of Ru.
 12595 | D:10     | Reached **** piety under Uskayaw
 12601 | D:10     | Reached ***** piety under Uskayaw
 12610 | D:10     | Upgraded the game from 0.27-a0-1184-ge86db4a01e to
                  | 0.27-a0-1186-g8b4daa1eef
 13492 | Orc:1    | Entered Level 1 of the Orcish Mines
 13492 | Orc:1    | Found Suovudum's Assorted Antiques.
 13578 | Orc:1    | Found a flagged portal.
 13602 | Bailey   | Entered a bailey
 13948 | Orc:1    | Found a runed translucent door.
 14000 | Orc:1    | Noticed an orc knight
 14322 | Orc:1    | Killed an orc knight
 14519 | Orc:2    | Entered Level 2 of the Orcish Mines
 14519 | Orc:2    | Found a staircase to the Elven Halls.
 14519 | Orc:2    | Found Ryhamomn's Armour Shoppe.
 14519 | Orc:2    | Noticed a cyclops
 14519 | Orc:2    | Noticed a two-headed ogre
 14520 | Orc:2    | Noticed a two-headed ogre
 14836 | D:11     | Noticed a two-headed ogre
 14877 | D:11     | Noticed a manticore
 14886 | D:11     | Killed a manticore
 14933 | D:11     | Reached XP level 12. HP: 82/91 MP: 24/24
 15016 | D:11     | Found a staircase to the Lair.
 15393 | D:11     | Noticed a two-headed ogre
 15419 | D:11     | Killed a two-headed ogre
 15667 | D:11     | Killed a two-headed ogre
 15816 | Lair:1   | Entered Level 1 of the Lair of Beasts
 16493 | Lair:1   | Noticed a five-headed hydra
 17752 | Lair:3   | Noticed a four-headed hydra
 17761 | Lair:3   | Killed a four-headed hydra
 17791 | Lair:3   | Found a dark tunnel.
 17800 | Volcano  | Entered a volcano
 17833 | Volcano  | Reached XP level 13. HP: 87/98 MP: 23/26
 17958 | Volcano  | Found a radiant altar of Vehumet.
 17966 | Volcano  | Paralysed by something for 2 turns
 17968 | Volcano  | HP: 1/98 [two-headed ogre/+0 giant club of flaming (7)]
 17968 | Volcano  | Slain by a two-headed ogre

Illustrated notes

Levels and vault maps discovered:
D:1:      onia_arrival_pyramid, layout_loops_ring,
          chequers_ecumenical_altar_twisty, serial_shops,
          nicolae_shop_statue_plus
D:2:      layout_basic
D:3:      layout_loops_cross, old_standard_altar, serial_shops, shop_statue,
          uniq_robin
D:4:      layout_basic, old_standard_altar, serial_bayou, serial_bayou_shore_b,
          serial_bayou_crossing, serial_bayou_shore_b, serial_bayou_lake_a,
          uniq_crazy_yiuf_cottage, uniq_menkaure, uniq_sigmund
D:5:      layout_basic, lemuel_round_altar, minmay_temple_entry_trees
D:6:      minmay_chambers_of_fours, layout_loops_ring, serial_shops, shop,
          uniq_duvessa, uniq_grinder
D:7:      layout_loops_ring, gammafunk_ghost_abyssal_escape
D:8:      layout_cave_pods, lightli_corner_chamber
D:9:      layout_basic, serial_shops, nicolae_shop_statue_plus,
          minmay_checkerbox
D:10:     layout_big_octagon, lemuel_tele_altar, orc_0_dummy
D:11:     layout_grid_maze, erik_lair_orcish_takeover, kennysheep_generic_room_5
Lair:1:   layout_chaotic_city
Lair:2:   lemuel_slime, layout_regular_city
Lair:3:   layout_roguey, elwin_shoals_entry_stream, guppyfry_snake_entry_garden,
          nicolae_volcano_entry_two_sided, chequers_serial_rivers_large_a,
          kennysheep_basilisk_garden
Orc:1:    layout_diamond_mine, basic_altar, enter_bailey_2, serial_shops,
          nicolae_shop_competitors_out_of_business, lightli_church_of_beogh
Orc:2:    st_orc_open, layout_caves, uniq_donald
Volcano:  volcano_grotto [vgs_original]

Skill      XL: |  1  2  3  4  5  6  7  8  9 10 11 12 |
---------------+-------------------------------------+-----
Transmutations | 2 3 5 6 7 |  7.1
Spellcasting   | 5 6 7 8 9 |  9.6
Invocations    | 1 2 3 4 6 7 8 |  8.9
Fighting       | 1 2 3 6 7 8 |  8.1
Short Blades   | 1 2 3 6 7 8 |  8.1
Long Blades    | 1 2 3 6 7 8 |  8.1
Axes           | 1 2 3 6 7 8 |  8.1
Maces & Flails | 1 2 3 6 7 8 |  8.1
Polearms       | 1 2 3 6 7 8 |  8.1
Staves         | 1 2 3 6 7 8 |  8.1
Slings         | 1 2 3 6 7 8 |  8.1
Bows           | 1 2 3 6 7 8 |  8.1
Crossbows      | 1 2 3 6 7 8 |  8.1
Throwing       | 1 2 3 6 7 8 |  8.1
Armour         | 1 2 3 6 7 8 |  8.1
Shields        | 1 2 3 6 7 8 |  8.1
Unarmed Combat | 1 2 3 6 7 8 |  8.1
Evocations     | 1 2 3 6 7 8 |  8.1
Conjurations   | 1 2 3 5 6 |  6.7
Hexes          | 1 2 3 5 6 |  6.7
Summonings     | 1 2 3 5 6 |  6.7
Necromancy     | 1 2 3 5 6 |  6.7
Translocations | 1 2 3 5 6 |  6.7
Fire Magic     | 1 2 3 5 6 |  6.7
Ice Magic      | 1 2 3 5 6 |  6.7
Air Magic      | 1 2 3 5 6 |  6.7
Earth Magic    | 1 2 3 5 6 |  6.7
Dodging        | 5 6 7 8 9 |  9.3
Stealth        | 5 7 8 9 |  9.2
Poison Magic   | 6 7 8 |  8.8

Action                   |  1- 3 |  4- 6 |  7- 9 | 10-12 | 13-15 || total
-------------------------+-------+-------+-------+-------+-------++-------
Melee: Short sword       |    26 |   106 |       |       |       ||   132
       Bite              |     2 |    12 |    29 |    35 |     3 ||    81
       Dagger            |       |    52 |   276 |    74 |       ||   402
       Punch             |       |     1 |     1 |       |       ||     2
       Morningstar       |       |       |       |    81 |       ||    81
       Spear             |       |       |       |   352 |    26 ||   378
 Cast: Sting             |    23 |       |       |     1 |       ||    24
       Poisonous Vapours |     8 |    37 |     7 |    17 |       ||    69
       Mephitic Cloud    |       |     1 |    17 |    36 |     1 ||    55
       Ignite Poison     |       |       |    12 |    34 |     2 ||    48
       Olgreb's Toxic Ra |       |       |     2 |       |       ||     2
Evoke: Wand              |       |       |     7 |     3 |       ||    10
  Use: Scroll            |       |     7 |    14 |     9 |       ||    30
       Potion            |       |     1 |     2 |     4 |       ||     7
 Stab: Sleeping          |     4 |     7 |     6 |    13 |     1 ||    31
       Paralysed         |       |     1 |     1 |    27 |     2 ||    31
       Confused          |       |       |     1 |     7 |       ||     8
       Invisible         |       |       |     1 |       |       ||     1
       Distracted        |       |       |     1 |     1 |       ||     2
Armor: Robe              |     9 |     9 |       |       |       ||    18
       Leather armour    |       |    33 |    66 |    16 |       ||   115
       Troll leather arm |       |       |       |    81 |     4 ||    85
Dodge: Dodged            |    20 |   100 |   112 |   253 |     9 ||   494
Block: Buckler           |       |       |    54 |   120 |     3 ||   177

Table legend: (Time is in decaauts)
 A = Elapsed time spent in this place.
 B = Non-inter-level travel time spent in this place.
 C = Inter-level travel time spent in this place.
 D = Time resting spent in this place.
 E = Time spent auto-exploring this place.
 F = Levels seen in this place.
 G = Mean time per level.
                   A        B        C        D        E       F      G
               +--------+--------+--------+--------+--------+-----+--------+
         Total |  17825 |  17012 |    813 |   3529 |   9637 |  18 |  990.3 |
       Dungeon |  14655 |  13985 |    670 |   3287 |   7685 |  11 | 1332.3 |
          Lair |   1946 |   1871 |     75 |     75 |   1434 |   3 |  648.7 |
  Orcish Mines |    956 |    888 |     68 |    114 |    451 |   2 |  478.0 |
        Bailey |    110 |    110 |      0 |     40 |      0 |   1 |  110.0 |
       Volcano |    157 |    157 |      0 |     13 |     67 |   1 |  157.0 |
               +--------+--------+--------+--------+--------+-----+--------+

Top non-repeatable levels by time:
     D:7: 2057 daAuts
     D:6: 1790 daAuts
     D:2: 1677 daAuts
     D:8: 1528 daAuts
     D:3: 1270 daAuts
    D:11: 1211 daAuts
     D:5: 1177 daAuts
    D:10: 1056 daAuts
     D:4: 1051 daAuts
  Lair:2: 1041 daAuts
     D:1: 993 daAuts
   Orc:1: 954 daAuts
     D:9: 841 daAuts
  Lair:1: 823 daAuts
 Volcano: 157 daAuts
